Map: Ghost River LE

Players

A.I. 1 (Very Easy)

  • Race: Terran Terran
  • Spawn Location: 11:00

MacroMonster - Winner!

  • Race: Zerg Zerg
  • League: Platinum
  • Spawn Location: 1:00

VOD

Have the link to the VOD?

Description

Time

  • Played on: June 28, 2024, 6:56 p.m.
  • Length: 11:21
Show
View Real Time Build Order
Export as new Build Order

A.I. 1 (Very Easy) Terran 

Build Orders:  

Get SALT Encoding   

  12  0:00  SCV  
  13  0:13  SCV  
  14  0:18  Supply Depot  
  14  0:36  Refinery  
  14  0:42  Barracks  
  14  1:03  Supply Depot  
  14  1:12  Refinery  
  14  1:30  Marine, Orbital Command  
  15  1:56  SCV  
  16  2:02  Marine  
  16  2:08  SCV  
  18  2:20  SCV  
  19  2:32  SCV  
  19  2:35  Marine  
  21  2:44  SCV  
  22  2:56  SCV  
  23  5:48  Marine, SCV  
  25  5:51  Supply Depot  
  25  5:53  Factory  
  25  6:13  SCV  
  25  6:16  Supply Depot  
  26  6:20  Barracks Tech Lab  
  26  6:25  SCV  
  24  6:37  SCV, Marine  
  24  6:38  Starport  
  26  6:44  Command Center  
  26  6:49  SCV  
  27  7:08  Marine  
  28  7:16  Starport Tech Lab  
  28  7:36  Raven  
  30  7:39  Marauder  
  32  7:57  SCV  
  33  8:04  SCV, Refinery  
  34  8:07  Refinery  
  34  8:10  Marine, Raven  
  34  8:11  SCV  
  38  8:18  SCV  
  39  8:25  SCV  
  40  8:33  SCV  
  41  8:40  SCV  
  42  8:47  SCV  
  43  8:54  SCV  
  44  9:02  SCV  
  45  9:09  SCV  
  46  9:16  SCV  
  47  9:23  SCV  
  48  9:30  SCV  
  49  9:38  SCV  
  49  9:45  SCV  
  50  9:46  Marine  
  50  9:50  Raven  
  50  9:52  Supply Depot, SCV  
  24  10:06  SCV  
  24  10:15  Hellion  
  24  10:18  SCV  
  27  10:30  SCV  
  28  10:42  Marine  
  31  10:43  SCV  
  31  10:44  Supply Depot  
  32  10:55  SCV  
  26  10:58  Starport  
  26  11:01  Marine  
Show
View Real Time Build Order
Export as new Build Order

MacroMonster Zerg - Winner!

Build Orders: Hatch First 

Get SALT Encoding   

  12  0:01  Drone  
  13  0:17  Overlord  
  13  0:19  Drone  
  14  0:35  Drone x2  
  16  0:50  Hatchery  
  16  0:53  Drone  
  17  0:57  Drone  
  17  1:00  Drone  
  18  1:13  Extractor  
  18  1:18  Spawning Pool  
  16  1:20  Drone  
  16  1:24  Drone  
  18  1:32  Drone  
  19  1:46  Drone  
  20  1:56  Drone  
  21  2:05  Queen x2  
  21  2:06  Zergling x4  
  27  2:23  Hatchery  
  27  2:27  Overlord  
  26  2:36  Metabolic Boost  
  26  2:38  Drone x2  
  28  2:48  Drone, Overlord  
  28  2:49  Drone  
  30  2:54  Drone x2  
  32  3:04  Queen  
  34  3:08  Drone x2  
  34  3:09  Drone  
  37  3:17  Drone, Overlord  
  37  3:18  Drone  
  39  3:23  Overlord  
  39  3:27  Drone x2  
  41  3:36  Drone x2  
  41  3:37  Drone  
  44  3:43  Baneling Nest  
  44  3:45  Zergling x8  
  44  3:47  Overlord  
  47  3:55  Drone x4  
  51  4:00  Queen  
  53  4:06  Drone  
  53  4:07  Drone x2  
  53  4:08  Drone  
  57  4:13  Lair  
  57  4:19  Drone x5  
  62  4:27  Queen  
  64  4:35  Overlord x2  
  64  4:36  Queen  
  64  4:38  Drone x4  
  69  4:43  Zergling x6  
  73  4:48  Zergling x2  
  73  4:52  Overlord x2  
  74  4:58  Zergling x6  
  77  5:08  Evolution Chamber  
  77  5:09  Evolution Chamber  
  77  5:10  Extractor  
  77  5:14  Drone x9, Extractor  
  82  5:35  Queen x2  
  84  5:37  Overlord x2  
  84  5:39  Zerg Ground Armor Level 1  
  84  5:40  Zerg Melee Weapons Level 1  
  84  5:42  Hatchery  
  85  5:43  Baneling x2  
  85  5:50  Drone x12  
  85  5:55  Extractor x2  
  95  6:03  Hatchery  
  94  6:05  Hydralisk Den  
  93  6:13  Zergling x16  
  101  6:21  Overlord x3  
  100  6:31  Overlord x2  
  100  6:34  Centrifugal Hooks  
  100  6:42  Hydralisk x4  
  100  6:43  Hydralisk x2  
  100  6:44  Grooved Spines  
  112  6:52  Zergling x8  
  116  6:56  Overlord  
  116  7:03  Drone x10  
  126  7:15  Overlord x2  
  126  7:19  Drone x5  
  126  7:20  Drone x2  
  133  7:24  Extractor  
  133  7:26  Extractor  
  133  7:27  Drone x5  
  133  7:28  Drone x2  
  138  7:34  Muscular Augments  
  138  7:38  Hydralisk x6  
  138  7:41  Zergling x4  
  138  7:42  Zerg Ground Armor Level 2  
  138  7:43  Zerg Melee Weapons Level 2  
  152  7:55  Zergling x22  
  163  8:01  Hydralisk x5  
  173  8:07  Zergling x8  
  173  8:10  Baneling x12  
  177  8:24  Extractor  
  176  8:30  Infestation Pit  
  176  8:33  Zergling x24  
  187  8:35  Hydralisk x4  
  195  8:46  Overlord x2  
  195  8:55  Overlord x2  
  195  9:08  Zergling x8  
  199  9:12  Hatchery  
  198  9:17  Hive  
  198  9:18  Hatchery  
  198  9:22  Overseer  
  197  9:39  Zergling x4  
  198  9:57  Zergling x4  
  200  10:14  Baneling x22  
Tags
 
League
Platinum
Matchup
TvZ
Spawn Locations
Close Positions
Add a new tag
Caveats
  • Supply blocks, unpowered buildings, or Contaminate may cause inaccurate times.
  • Supply counts are checked every 10 seconds.